 Dungeon Crawl Stone Soup version 0.27-a0-1325-g58a489ad9e (webtiles) character file.

Game seed: 16048806782078774598

1176 BlueGoblin the Covert (level 8, -5/40 HPs)
             Began as a Vine Stalker Brigand on June 24, 2021.
             Slain by a killer bee (7 damage)
             ... on level 6 of the Dungeon.
             The game lasted 00:13:37 (5416 turns).

BlueGoblin the Covert (Vine Stalker Brigand)        Turns: 5416, Time: 00:13:40

Health: -5/40      AC:  7    Str: 15    XL:     8   Next: 41%
Magic:  0/9        EV: 13    Int: 11    God:
Gold:   208        SH:  0    Dex: 19    Spells: 7/7 levels left

rFire    . . .     SeeInvis .   a - +1 dagger (protect)
rCold    . . .     Faith    .   (no shield)
rNeg     . . .     Spirit   +   f - +0 robe
rPois    +         Reflect  .   n - +2 helmet
rElec    .         Harm     .   y - +0 cloak {rPois}
rCorr    .         Rampage  .   (no gloves)
Will     +....                  t - +0 pair of boots
Stlth    ++++......             (no amulet)
HPRegen  1.13/turn              B - ring "Yttyl" {Wiz rPois Dex+2}
MPRegen  0.11/turn              (no ring)

@: no status effects
A: fangs 3, regeneration 1, magic shield, antimagic bite, no potion heal 2
a: no special abilities


You were on level 6 of the Dungeon.
You visited 1 branch of the dungeon, and saw 6 of its levels.

You collected 208 gold pieces.

Inventory:

Hand Weapons
 a - a +1 dagger of protection (weapon)
 b - a +2 short sword of holy wrath
 k - a +2 dagger
Missiles
 d - 19 poisoned darts (quivered)
 e - 2 curare-tipped darts
 s - 3 throwing nets
Armour
 c - a +0 cloak
 f - a +0 robe (worn)
 m - a scarf of invisibility
 n - a +2 helmet (worn)
 t - a +0 pair of boots (worn)
 y - a +0 cloak of poison resistance (worn)
Jewellery
 B - the ring "Yttyl" (left hand) {Wiz rPois Dex+2}
   (You found it on level 6 of the Dungeon)

   [ring of wizardry]

   It improves your spell success rate.
   It affects your dexterity (+2).
   It protects you from poison.
Wands
 q - a wand of paralysis (9)
Scrolls
 w - 3 scrolls of identify
Potions
 h - 2 potions of lignification {unknown}
 i - a potion of brilliance {unknown}
 j - 2 potions of resistance {unknown}
 l - a potion of mutation {unknown}
 o - a potion of cancellation {unknown}
 p - 3 potions of curing {unknown}
 r - a potion of flight {unknown}
 v - 2 potions of attraction {unknown}
 z - 3 potions of invisibility {unknown}


   Skills:
 + Level 3.2 Fighting
 + Level 5.1 Short Blades
 + Level 2.1 Throwing
 + Level 3.4 Dodging
 + Level 9.3 Stealth


You had 7 spell levels left.
You didn't know any spells.
Your spell library contained the following spells:

 Spells                   Type           Power      Damage    Failure   Level
 Magic Dart               Conj           0%         1d3       14%         1
 Summon Small Mammal      Summ           0%         N/A       14%         1
 Blink                    Tloc           N/A        N/A       21%         2
 Call Imp                 Summ           0%         N/A       21%         2
 Slow                     Hex            0%         N/A       21%         2
 Call Canine Familiar     Summ           0%         N/A       38%         3
 Conjure Flame            Conj/Fire      0%         6-21      38%         3
 Mephitic Cloud           Conj/Pois/Air  0%         N/A       38%         3
 Summon Guardian Golem    Hex/Summ       0%         N/A       38%         3
 Summon Ice Beast         Ice/Summ       0%         N/A       77%         4
 Summon Lightning Spire   Summ/Air       0%         N/A       77%         4


Dungeon Overview and Level Annotations

Branches:
Dungeon (6/15)
 Temple: D:4-7

Altars:
Hepliaklqana
Makhleb
Nemelex Xobeh
Sif Muna
Vehumet

Shops:
D:2 !(   D:4 [


Innate Abilities, Weirdness & Mutations

You have razor-sharp teeth.
Your natural rate of healing is unusually fast.
When hurt, damage is shared between your health and your magic reserves.
Your bite disrupts and absorbs the magic of your enemies.
Potions cannot restore your health.


Message History

The white imp puffs mist at you. The killer bee stings you.
The hound closely misses you. The hound bites you.
Found a dented fluorescent amulet.
The hound bites you but does no damage. The killer bee stings you.
The killer bee closely misses you. The killer bee barely misses you.
The killer bee stings you!
You are no longer corroded.
A howler monkey zombie comes into view.
The killer bee barely misses you. The killer bee closely misses you.
The killer bee stings you but does no damage.
The killer bee stings you! The killer bee completely misses you.
The killer bee closely misses you. The killer bee barely misses you.
The hound pauses to sniff the ground.
The killer bee stings you.
Found 26 arrows.
The killer bee stings you but does no damage.
The killer bee misses you. The killer bee stings you. x2
The killer bee stings you.
The killer bee stings you but does no damage.
The killer bee barely misses you.
The hound stops to sniff the ground.
The killer bee stings you.
* * * LOW HITPOINT WARNING * * *
The killer bee barely misses you.
The hound stops to sniff the ground.
The centaur unwields a +0 shortbow.
The centaur hits you but does no damage.
The centaur closely misses you. The killer bee stings you.
The killer bee stings you!
* * * LOW HITPOINT WARNING * * *
The centaur wields a +0 shortbow.
The centaur shoots an arrow.
The arrow hits you!
* * * LOW HITPOINT WARNING * * *
The killer bee stings you!
You die...

.......#.....^.^.....
.........#...........
.#.#####.............
o........# #..........
#....#...###..........
#.##.#...#...##+##....
.........o............
#.##.#.#.#...Z.y######.#
#.##.#.#.#...yyh@....... #
...
#.##......#...c####+####.#
...
..#######.####.#<........#
... ### #..
#.#......#####.# ##.#
#.#.......#....# # (#
#.##.........###.#
#.######.........# #.
#......#### #......######


You could see a centaur, a hound, 3 killer bees, an orc and a howler monkey
zombie.

Vanquished Creatures
  A centaur zombie (D:5)
  An ogre (D:5)
  2 phantoms
  A gnoll sergeant (D:5)
  A crimson imp (D:3)
  2 orc priests
  A jelly (D:6)
  Jessica (D:3)
  2 iguanas
  4 orc wizards
  A hound zombie (D:5)
  A hound skeleton (D:4)
  4 gnolls (D:5)
  4 adders
  An ufetubus (D:5)
  An adder skeleton (D:4)
  2 worms
  2 dart slugs
  10 orcs
  4 ball pythons
  4 bats
  8 endoplasms
  5 giant cockroaches
  7 goblins
  11 hobgoblins
  9 jackals
  6 quokkas
  5 frilled lizards
  10 kobolds
  A quokka skeleton (D:4)
  2 rats
  A spectral orc (D:5)
115 creatures vanquished.

Notes
Turn   | Place    | Note
-------+----------+-------------------------------------------
     0 | D:1      | BlueGoblin the Vine Stalker Brigand began the quest for the
                  | Orb.
     0 | D:1      | Reached XP level 1. HP: 11/11 MP: 2/2
   170 | D:1      | Reached skill level 5 in Stealth
   191 | D:1      | Reached XP level 2. HP: 12/15 MP: 1/3
   887 | D:1      | Reached XP level 3. HP: 18/18 MP: 4/4
   963 | D:1      | Reached skill level 6 in Stealth
  1417 | D:2      | Found Yclexywo's Weapon Shop.
  1507 | D:2      | Found Gux Jude's Distillery.
  2092 | D:3      | Reached skill level 1 in Dodging
  2092 | D:3      | Gained mutation: Your natural rate of healing is unusually
                  | fast. [Vine Stalker growth]
  2092 | D:3      | Reached XP level 4. HP: 23/23 MP: 5/5
  2290 | D:3      | Noticed Jessica
  2310 | D:3      | Killed Jessica
  2374 | D:3      | HP: 1/23 [orc priest/nerve-wracking pain (12)]
  2571 | D:3      | Reached XP level 5. HP: 26/26 MP: 6/6
  2758 | D:3      | Reached skill level 7 in Stealth
  2783 | D:3      | Found a burning altar of Makhleb.
  2784 | D:3      | Found a radiant altar of Vehumet.
  2928 | D:3      | Found a faded altar of an unknown god.
  3198 | D:4      | Found Usash's Antique Armour Shoppe.
  3220 | D:4      | Reached XP level 6. HP: 31/31 MP: 7/7
  3872 | D:4      | Reached XP level 7. HP: 18/35 MP: 8/8
  3878 | D:4      | Reached skill level 8 in Stealth
  4022 | D:5      | Entered Level 5 of the Dungeon
  4291 | D:5      | Gained mutation: You have razor-sharp teeth. [Vine Stalker
                  | growth]
  4291 | D:5      | Reached XP level 8. HP: 40/40 MP: 9/9
  4297 | D:5      | Found a shimmering blue altar of Sif Muna.
  4327 | D:5      | Found a sparkling altar of Nemelex Xobeh.
  4421 | D:5      | Reached skill level 9 in Stealth
  4906 | D:5      | Found a hazy altar of Hepliaklqana.
  4972 | D:5      | Reached skill level 5 in Short Blades
  5242 | D:6      | Identified the ring "Yttyl" {Wiz rPois Dex+2}
  5416 | D:6      | HP: 2/40 [centaur/arrow (7)]
  5416 | D:6      | Slain by a killer bee

Illustrated notes

Levels and vault maps discovered:
D:1:      zaba_arrival_water, layout_loops_ring, amethyst_killhole,
          minmay_tall_x
D:2:      layout_loops_ring, serial_shops,
          nicolae_shop_competitors_out_of_business, shop
D:3:      layout_loops_ring, grunt_temple_overflow_lords_of_destruction,
          hellmonk_ecumenical_altar_prayer_group, hangedman_glass_teeth,
          uniq_jessica
D:4:      layout_loops_ring, serial_shops, shop
D:5:      layout_basic, nicolae_hepliaklqana_monster_ancestors,
          nemelex_spade_bored_becter, lemuel_tele_altar
D:6:      layout_basic, yredelemnul_forgotten_temple_becter,
          minmay_temple_entry_waves, gammafunk_ghost_gnarly_gnolls,
          minmay_holes, serial_park_tiny_2

Skill      XL: |  1  2  3  4  5  6  7  8 |
---------------+-------------------------+-----
Stealth        | 5 6 7 8 9 |  9.3
Fighting       | 2 3 |  3.2
Short Blades   | 2 3 4 5 |  5.1
Dodging        | 1 2 3 |  3.4
Throwing       | 2 |  2.1

Action                   |  1- 3 |  4- 6 |  7- 9 || total
-------------------------+-------+-------+-------++-------
Melee: Dagger            |    76 |   363 |   148 ||   587
       Bite              |    21 |   124 |    60 ||   205
       Short sword       |       |    15 |       ||    15
Throw: Dart              |       |     2 |     3 ||     5
  Use: Scroll            |     5 |       |     3 ||     8
 Stab: Sleeping          |    17 |    14 |     5 ||    36
       Distracted        |     1 |     2 |       ||     3
Armor: Robe              |    10 |   127 |    66 ||   203
Dodge: Dodged            |    36 |   132 |    86 ||   254

Table legend: (Time is in decaauts)
 A = Elapsed time spent in this place.
 B = Non-inter-level travel time spent in this place.
 C = Inter-level travel time spent in this place.
 D = Time resting spent in this place.
 E = Time spent auto-exploring this place.
 F = Levels seen in this place.
 G = Mean time per level.
                   A        B        C        D        E       F      G
               +--------+--------+--------+--------+--------+-----+--------+
         Total |   5319 |   5123 |    196 |    333 |   3414 |   6 |  886.5 |
       Dungeon |   5319 |   5123 |    196 |    333 |   3414 |   6 |  886.5 |
               +--------+--------+--------+--------+--------+-----+--------+

Top non-repeatable levels by time:
     D:1: 1258 daAuts
     D:5: 1167 daAuts
     D:3: 1088 daAuts
     D:2: 810 daAuts
     D:4: 800 daAuts
     D:6: 194 daAuts
